 Dungeon Crawl Stone Soup version 0.18-a0-1-gfac8111 (webtiles) character file.

42 tp1 the Magician (level 3, 0/19 HPs)
             Began as a Deep Elf Wizard on Oct 30, 2015.
             Slain by a goblin (4 damage)
             ... on level 2 of the Dungeon.
             The game lasted 00:05:08 (1416 turns).

tp1 the Magician (Deep Elf Wizard)                  Turns: 1416, Time: 00:05:08

Health: 0/19       AC:  3    Str:  4    XL:     3   Next: 33%
Magic:  3/12       EV: 12    Int: 23    God:
Gold:   49         SH:  0    Dex: 13    Spells: 1 memorised, 13 levels left

rFire  . . .     SeeInvis .     l - +2 dagger (speed)
rCold  . . .     Clarity  .     a - +0 robe
rNeg   . . .     SustAt   .     (no shield)
rPois  .         Gourm    .     b - +0 hat
rElec  .         Spirit   .     (no cloak)
rCorr  .         Warding  .     g - +0 pair of gloves
rMut   .         Stasis   .     (no boots)
MR     .....                    (no amulet)
Stlth  ++........               (no ring)
                                (no ring)

@: very slightly contaminated, not resistant to hostile enchantments, unstealthy
A: no striking features
a: no special abilities


You were on level 2 of the Dungeon.
You were not hungry.

You visited 1 branch of the dungeon, and saw 2 of its levels.

You collected 49 gold pieces.

Inventory:

Hand Weapons
 l - a +2 dagger of speed (weapon)
Armour
 a - a +0 robe (worn)
 b - a +0 hat (worn)
 g - a +0 pair of gloves (worn)
Scrolls
 j - a scroll of teleportation {unknown}
 k - a scroll of enchant weapon {unknown}
 o - a scroll of identify {unknown}
Potions
 e - a potion of curing {unknown}
 h - a potion of degeneration {unknown}
 i - a potion of flight {unknown}
 m - a potion of heal wounds {unknown}
Books
 c - a book of Minor Magic

   Spells                             Type                      Level
   a - Magic Dart                     Conjuration                  1
   b - Blink                          Translocation                2
   c - Call Imp                       Summoning                    2
   d - Repel Missiles                 Charms/Air                   2
   e - Slow                           Hexes                        2
   f - Conjure Flame                  Conjuration/Fire             3
   g - Mephitic Cloud                 Conjuration/Poison/Air       3
Comestibles
 d - 2 bread rations
 f - a slice of pizza
 n - a meat ration


   Skills:
 - Level 2.4 Dodging
 - Level 2.4 Stealth
 + Level 6.2 Spellcasting
 - Level 1.1 Conjurations
   Level 1.1 Summonings
   Level 1.1 Translocations


You had 13 spell levels left.
You knew the following spells:

 Your Spells              Type           Power        Failure   Level  Hunger
a - Magic Dart            Conj           ##..         6%          1    None


Dungeon Overview and Level Annotations

Branches:
Dungeon (2/15)

Altars:
Nemelex Xobeh


Message History

Aim: an adder (lightly wounded)
The magic dart hits the adder.
The adder is moderately wounded.
The adder bites you but does no damage. The goblin hits you.
You hit the adder but do no damage.
The adder is lightly wounded.
The adder barely misses you.
You hit the adder.
The adder is moderately wounded.
The adder bites you. The goblin hits you.
* * * LOW HITPOINT WARNING * * *
Casting: Magic Dart
Confirm with . or Enter, or press ? or * to list all spells.
Aiming: Magic Dart
Press: ? - help, Shift-Dir - straight line, f/p - adder
Aim: an adder (moderately wounded)
The magic dart hits the adder.
The adder is moderately wounded.
The adder closely misses you. The goblin hits you.
You die...

.......... ....#
#........# .....
#........ ##.....
#....... .......
.###......###.......
........#.........#
................#
......##...S.g..#
...#. #...†@...# .
.. #........# ..
#........## ..
#.........# .
#####.....#
#.##.#.....
#.##.##.#..
######...###
#_..###'###


You could see an adder and a goblin.

Vanquished Creatures
  2 adders (D:2)
  4 hobgoblins
  3 jackals (D:1)
  4 bats
  A giant gecko (D:2)
  A giant newt (D:1)
  5 goblins
  A kobold (D:1)
  5 rats (D:1)
26 creatures vanquished.

Notes
Turn   | Place    | Note
--------------------------------------------------------------
     0 | D:1      | tp1 the Deep Elf Wizard began the quest for the Orb.
     0 | D:1      | Reached XP level 1. HP: 10/10 MP: 7/7
   332 | D:1      | Reached skill level 5 in Spellcasting
   432 | D:1      | Reached XP level 2. HP: 15/15 MP: 5/10
  1327 | D:2      | Found a sparkling altar of Nemelex Xobeh.
  1342 | D:2      | Reached XP level 3. HP: 19/19 MP: 6/12
  1409 | D:2      | Reached skill level 6 in Spellcasting
  1416 | D:2      | Slain by a goblin

Vault maps used:
D:1:      scummos_arrival_star, hangedman_decor_lopped, hex_large
D:2:      grunt_temple_overflow_octagram, first_bread, item_on_display_a

Action                   || total
-------------------------++-------
Melee: Unarmed           ||     6
       Dagger            ||     2
 Cast: Magic Dart        ||    63
  Eat: Chunk             ||     1
